Workbook
Name OLE_LINK1: 'Приложение 5'!$A$7

Sheet Приложение 5
A4: ИНФОРМАЦИЯ
A5: о ресурсном обеспечении реализации государственной программы Приморского края «Информационное общество» на 2013 - 2020 годы за счет средств краевого бюджета (тыс. руб.)
A7: № | B7: Наименование подпрограммы, программы, принятой в соответствии с требованиями федерального законодательства в сфере реализации государственной программы | C7: Ответственный | D7: Код бюджетной | H7: Расходы (тыс. руб.), годы
A8: п/п | C8: исполнитель,
C9: соисполнители | D9: ГРБС | E9: Рз | F9: ЦСР | G9: ВР | H9: 2013 | I9: 2014 | J9: 2015 | K9: 2016 | L9: 2017 | M9: 2018 | N9: 2019 | O9: 2020 | P9: всего
E10: Пр
A11: 1 | B11: 2 | C11: 3 | D11: 4 | E11: 5 | F11: 6 | G11: 7 | H11: 8 | I11: 9 | J11: 10 | K11: 11 | L11: 12 | M11: 13 | N11: 14 | O11: 15 | P11: 16
B12: Государственная программа «Информационное общество» на 2013 – 2020 годы | C12: всего: | D12: Х | E12: Х | F12: Х | G12: Х | H12: =SUM(H13:H21) -> 911665.01 | I12: =SUM(I13:I21) -> 766787.03 | J12: =SUM(J13:J21) -> 882516.69 | K12: =SUM(K13:K21) -> 896070.49 | L12: =SUM(L13:L21) -> 631066.04 | M12: =SUM(M13:M21) -> 629525.4 | N12: =SUM(N13:N21) -> 629525.4 | O12: =SUM(O13:O21) -> 629525.4 | P12: =SUM(H12:O12) -> 5976681.5
C13: департамент информатизации и телекоммуникаций Приморского края | D13: 755 | E13: Х | F13: Х | G13: Х | H13: =H23+H67+H101+H142+H165 -> 395824.01 | I13: =I23+I67+I101+I142+I165 -> 266889.8 | J13: =J23+J67+J101+J142+J165 -> 541536.47 | K13: =K24+K68+K101+K143+K165 -> 530477.23 | L13: =L24+L68+L101+L143+L165 -> 325969.77 | M13: =M24+M68+M101+M143+M165 -> 324429.13 | N13: =N24+N68+N101+N143+N165 -> 324429.13 | O13: =O24+O68+O101+O143+O165 -> 324429.13 | P13: =SUM(H13:L13) -> 2060697.3
C14: департамент сельского хозяйства и продовольствия Приморского края | D14: 758 | E14: Х | F14: Х | G14: Х | K14: =K166 -> 0 | L14: =L166 -> 0 | M14: =M166 -> 0 | N14: =N166 -> 0 | O14: =O166 -> 0 | P14: =SUM(K14:O14) -> 0
C15: департамент образования и науки Приморского края | D15: 759 | E15: Х | F15: Х | G15: Х | H15: =H102 -> 52800 | I15: =I102 -> 28856 | J15: =J102 -> 23056 | K15: =K103 -> 103.73 | L15: =L103 -> 0 | M15: =M103 -> 0 | N15: =N103 -> 0 | O15: =O103 -> 0 | P15: =SUM(H15:O15) -> 104815.73
C16: департамент труда и социального развития Приморского края | D16: 760 | E16: Х | F16: Х | G16: Х | H16: =H70+H104 -> 9950 | I16: =I70+I104 -> 7988 | J16: =J70+J104 -> 8789.5 | K16: =K70+K104 -> 8326 | L16: =L70+L104 -> 6955 | M16: =M70+M104 -> 6955 | N16: =N70+N104 -> 6955 | O16: =O70+O104 -> 6955 | P16: =SUM(H16:L16) -> 42008.5
C17: департамент лесного хозяйства Приморского края | D17: 763 | E17: Х | F17: Х | G17: Х | K17: =K167 -> 0 | L17: =L167 -> 0 | M17: =M167 -> 0 | N17: =N167 -> 0 | O17: =O167 -> 0 | P17: =SUM(K17:O17) -> 0
C18: департамент информационной политики Приморского края | D18: 771 | E18: Х | F18: Х | G18: Х | H18: =H192 -> 421111 | I18: =I192 -> 453719.43 | J18: =J192 -> 303569.08 | K18: =K192 -> 312163.53 | L18: =L192 -> 298141.27 | M18: =M192 -> 298141.27 | N18: =N192 -> 298141.27 | O18: =O192 -> 298141.27 | P18: =SUM(H18:O18) -> 2683128.1
C19: департамент градостроительства Приморского края | D19: 775 | E19: Х | F19: Х | G19: Х | K19: =K168 -> 45000 | L19: =L168 -> 0 | M19: =M168 -> 0 | N19: =N168 -> 0 | O19: =O168 -> 0 | P19: =SUM(K19:O19) -> 45000
C20: департамент земельных и имущественных отношений Приморского края | D20: 779 | E20: Х | F20: Х | G20: Х | H20: =H69+H169 -> 30400 | I20: =I69+I169 -> 9333.8 | J20: =J69+J169 -> 5565.64 | K20: =K69+K170 -> 0 | L20: =L69+L170 -> 0 | M20: =M69+M170 -> 0 | N20: =N69+N170 -> 0 | O20: =O69+O170 -> 0 | P20: =SUM(H20:O20) -> 45299.44
C21: департамент экономики и развития предпринимательства Приморского края | D21: 784 | E21: Х | F21: Х | G21: Х | H21: =H105 -> 1580 | I21: =I105 -> 0 | J21: =J105 -> 0 | K21: =K105 -> 0 | L21: =L105 -> 0 | M21: =M105 -> 0 | N21: =N105 -> 0 | O21: =O105 -> 0 | P21: =SUM(H21:O21) -> 1580
A22: 1. | B22: Подпрограмма № 1 «Развитие телекоммуникационной инфраструктуры органов государственной власти Приморского края и органов местного самоуправления» | C22: всего: | D22: Х | E22: Х | F22: Х | G22: Х | H22: =H26+H40+H59 -> 245694.76 | I22: =I26+I40+I59 -> 205626.3 | J22: =J26+J40+J59 -> 350235.25 | K22: =K25+K39+K59 -> 339010.06 | L22: =L25+L39 -> 159767.76 | M22: =M25+M39 -> 159509.84 | N22: =N25+N39 -> 159509.84 | O22: =O25+O39 -> 159509.84 | P22: =SUM(H22:O22) -> 1778863.7
C23: департамент информатизации и телекоммуникаций Приморского края | D23: 755 | E23: Х | F23: Х | G23: Х | H23: =H26+H40+H59 -> 245694.76 | I23: =I26+I40+I59 -> 205626.3 | J23: =J26+J40+J59 -> 350235.25 | P23: =SUM(H23:O24) -> 1778863.7
D24: 755 | E24: Х | F24: 1110000000 | G24: Х | K24: =K25+K39+K59 -> 339010.06 | L24: =L25+L39 -> 159767.76 | M24: =M25+M39 -> 159509.84 | N24: =N25+N39 -> 159509.84 | O24: =O25+O39 -> 159509.84
A25: 1.1. | B25: Основное мероприятие 1. Формирование системы межведомственного электронного взаимодействия органов государственной власти Приморского края и органов местного самоуправления | C25: всего: | D25: 755 | E25: Х | F25: Х | G25: Х | H25: =SUM(H26:H27) -> 83851 | I25: =SUM(I26:I27) -> 27990 | J25: =SUM(J26:J27) -> 250.42134 | K25: =SUM(K27:K27) -> 0 | L25: =SUM(L27:L27) -> 0 | M25: =SUM(M27:M27) -> 0 | N25: =SUM(N27:N27) -> 0 | O25: =SUM(O27:O27) -> 0 | P25: =SUM(H25:O25) -> 112091.42
C26: департамент информатизации и телекоммуникаций Приморского края | D26: 755 | E26: Х | F26: Х | G26: Х | H26: =H28+H35+H37 -> 83851 | I26: =I28+I36+I38 -> 27990 | J26: =J28+J36+J38 -> 250.42134 | P26: =SUM(H26:O27) -> 112091.42
D27: 755 | E27: Х | F27: 1110100000 | G27: Х | K27: =K28+K36+K38 -> 0 | L27: =L28+L36+L38 -> 0 | M27: =M28+M36+M38 -> 0 | N27: =N28+N36+N38 -> 0 | O27: =O28+O36+O38 -> 0
A28: 1.1.1. | B28: Реализация мероприятий по использованию информационно-коммуникационных технологий в целях совершенствования системы государственного и муниципального управления, предоставления услуг, создания и развития информационно-аналитических, учетных и функциональных систем Приморского края | C28: департамент информатизации и телекоммуникации Приморского края | D28: 755 | E28: 0410 | F28: Х | G28: Х | H28: =SUM(H29:H34) -> 80851 | I28: =SUM(I29:I34) -> 19400 | J28: =SUM(J29:J34) -> 0 | K28: =SUM(K29:K34) -> 0 | L28: =SUM(L29:L34) -> 0 | M28: =SUM(M29:M34) -> 0 | N28: =SUM(N29:N34) -> 0 | O28: =SUM(O29:O34) -> 0 | P28: =SUM(H28:O28) -> 100251
A29: 1.1.1.1. | B29: Развитие регионального телекоммуникационного центра, включая централизованную систему организационно-технического администрирования телекоммуникационной инфраструктуры и информационных подсистем «электронного правительства» Приморского края; предоставление услуг по поддержке и администрированию региональных и муниципальных информационных систем | C29: департамент информатизации и телекоммуникации Приморского края | D29: 755 | E29: 0410 | F29: 5221020 | G29: 064 | H29: 29000 | P29: =SUM(H29:O30) -> 33600
D30: 755 | E30: 0410 | F30: 1112143 | G30: 244 | I30: =5200-600 -> 4600 | J30: 0 | K30: 0 | L30: 0 | M30: 0 | N30: 0 | O30: 0
A31: 1.1.1.2. | B31: Развитие систем информационной безопасности телекоммуникационной инфраструктуры электронного правительства Приморского края, защиты персональных данных | C31: департамент информатизации и телекоммуникаций Приморского края | D31: 755 | E31: 0410 | F31: 5221020 | G31: 064 | H31: 3700 | P31: =SUM(H31:O32) -> 4700
D32: 755 | E32: 0410 | F32: 1112143 | G32: 244 | I32: 1000 | J32: 0 | K32: 0 | L32: 0 | M32: 0 | N32: 0 | O32: 0
A33: 1.1.1.3. | B33: Формирование на территории Приморского края единого информационного пространства органов исполнительной власти Приморского края, территориальных органов федеральных органов исполнительной власти и органов местного самоуправления Приморского края. Подключение краевых государственных учреждений, подведомственных органам исполнительной власти Приморского края, к системе межведомственного электронного взаимодействия | C33: департамент информатизации и телекоммуникаций Приморского края | D33: 755 | E33: 0410 | F33: 5221020 | G33: 064 | H33: 48151 | P33: =SUM(H33:O34) -> 61951
D34: 755 | E34: 0410 | F34: 1112143 | G34: 244 | I34: 13800 | J34: 0 | K34: 0 | L34: 0 | M34: 0 | N34: 0 | O34: 0
A35: 1.1.2. | B35: Создание Ситуационного центра Губернатора Приморского края | C35: департамент информатизации и телекоммуникаций Приморского края | D35: 755 | E35: 0410 | F35: 5221020 | G35: 064 | H35: 0 | P35: =SUM(H35:M36) -> 5738.8943
D36: 755 | E36: 0113 | F36: 1112189 | G36: 244 | I36: =47500-6500-35500 -> 5500 | J36: 238.89434 | K36: 0 | L36: 0 | M36: 0 | N36: 0 | O36: 0
A37: 1.1.3. | B37: Обеспечение доступа к сети Интернет органов исполнительной власти Приморского края | C37: департамент информатизации и телекоммуникаций Приморского края | D37: 755 | E37: 0410 | F37: 5221020 | G37: 064 | H37: 3000 | P37: =SUM(H37:O38) -> 6101.527
D38: 755 | E38: 0410 | F38: 1112059 | G38: 244 | I38: 3090 | J38: 11.527 | K38: 0 | L38: 0 | M38: 0 | N38: 0 | O38: 0
A39: 1.2. | B39: Основное мероприятие 2. Организация предоставления государственных и муниципальных услуг в многофункциональных центрах Приморского края | C39: всего: | D39: Х | E39: Х | F39: Х | G39: Х | H39: =SUM(H42:H57) -> 152050 | I39: =SUM(I42:I57) -> 163636.3 | J39: =SUM(J42:J57) -> 340535.76 | K39: =SUM(K42:K57) -> 336175.34 | L39: =SUM(L42:L57) -> 159767.76 | M39: =SUM(M42:M57) -> 159509.84 | N39: =SUM(N42:N57) -> 159509.84 | O39: =SUM(O42:O57) -> 159509.84 | P39: =SUM(H39:O39) -> 1630694.7
C40: департамент информатизации и телекоммуникаций Приморского края | D40: 755 | E40: Х | F40: Х | G40: Х | H40: =SUM(H42:H57) -> 152050 | I40: =SUM(I42:I57) -> 163636.3 | J40: =SUM(J42:J57) -> 340535.76 | P40: =SUM(H40:O41) -> 1630694.7
D41: 755 | E41: Х | F41: 1110200000 | G41: Х | K41: =SUM(K42:K57) -> 336175.34 | L41: =SUM(L42:L57) -> 159767.76 | M41: =SUM(M42:M57) -> 159509.84 | N41: =SUM(N42:N57) -> 159509.84 | O41: =SUM(O42:O57) -> 159509.84
A42: 1.2.1. | B42: Предоставление субсидий краевым государственным автономным учреждениям на финансовое обеспечение выполнения государственного задания | C42: департамент информатизации и телекоммуникаций Приморского края | D42: 755 | E42: 0113 | F42: 0029900 | G42: 621 | H42: 14000 | P42: =SUM(H42:O44) -> 340126.68
D43: 755 | E43: 0113 | F43: 1117059 | G43: 621 | I43: =36186.3 -> 36186.3 | J43: =(38223.53+10200+2384.64)-(38223.53+10200+2384.64)*5/100 -> 48267.762
D44: 755 | E44: 0113 | F44: 1110270590 | G44: 621 | K44: =35519.6+10200+2290.24+1365.5 -> 49375.34 | L44: 48267.76 | M44: 48009.84 | N44: 48009.84 | O44: 48009.84
A45: 1.2.2. | B45: Предоставление субсидии краевым государственным автономным учреждениям на иные цели, не связанные с финансовым обеспечением выполнения государственного задания | C45: департамент информатизации и телекоммуникаций Приморского края | D45: 755 | E45: 0113 | F45: 0029900 | G45: 622 | H45: 84050 | P45: =SUM(H45:O49) -> 165960
D46: 755 | E46: 0113 | F46: 1117060 | G46: 622 | I46: 700 | J46: =697.97 -> 697.97
D47: 755 | E47: 0113 | F47: 1117061 | G47: 622 | I47: 9610 | J47: =12102.03 -> 12102.03
D48: 755 | E48: 0113 | F48: 1110270600 | G48: 622 | K48: =2300 -> 2300 | L48: 4000 | M48: 1000 | N48: 1000 | O48: 1000
D49: 755 | E49: 0113 | F49: 1110270610 | G49: 622 | K49: =10500 -> 10500 | L49: 7500 | M49: =10500 -> 10500 | N49: =10500 -> 10500 | O49: =10500 -> 10500
A50: 1.2.3. | B50: Предоставление субсидий из краевого бюджета бюджетам муниципальных образований Приморского края на мероприятия по созданию многофункциональных центров предоставления государственных и муниципальных услуг | C50: департамент информатизации и телекоммуникаций Приморского края | D50: 755 | E50: 0113 | F50: 5221013 | G50: 010 | H50: 54000 | P50: =SUM(H50:O52) -> 326008
D51: 755 | E51: 0113 | F51: 1119218 | G51: 520 | I51: 117140 | J51: 130868
D52: 755 | E52: 0113 | F52: 1110292180 | G52: 520 | K52: 24000 | L52: 0 | M52: 0 | N52: 0 | O52: 0
A53: 1.2.4. | B53: Предоставление из краевого бюджета бюджетам муниципальных образований Приморского края иных межбюджетных трансфертов, источником финансового обеспечения которых являются иные межбюджетные трансферты из федерального бюджета на завершение работ по созданию сети многофункциональных центров предоставления государственных и муниципальных услуг | C53: департамент информатизации и телекоммуникаций Приморского края | D53: X | E53: X | F53: X | G53: X | H53: 0 | I53: 0 | J53: 0 | K53: 0 | L53: 0 | M53: 0 | N53: 0 | O53: 0 | P53: =SUM(H53:L54) -> 0
A55: 1.2.5. | B55: Предоставление субсидий из краевого бюджета бюджетам муниципальных образований Приморского края на содержание многофункциональных центров предоставления государственных и муниципальных услуг | C55: департамент информатизации и телекоммуникаций Приморского края | D55: 755 | E55: 0113 | F55: 1119207 | G55: 520 | H55: 0 | I55: 0 | J55: =100000-6000 -> 94000 | P55: =SUM(H55:O56) -> 744000
D56: 755 | E56: 0113 | F56: 1110292070 | G56: 520 | K56: =200000+50000 -> 250000 | L56: 100000 | M56: 100000 | N56: 100000 | O56: 100000
A57: 1.2.6. | B57: Поставка компьютерного и телекоммуникационного оборудования, оргтехники, программного обеспечения в рамках мероприятия по созданию многофункциональных центров предоставления государственных и муниципальных услуг в Приморском крае | C57: департамент информатизации и телекоммуникаций Приморского края | D57: 755 | E57: 0410 | F57: 1112247 | G57: 244 | H57: 0 | I57: 0 | J57: =47000+15000-7400 -> 54600 | K57: 0 | L57: 0 | M57: 0 | N57: 0 | O57: 0 | P57: =SUM(H57:O57) -> 54600
A58: 1.2.7. | B58: Предоставление из краевого бюджета бюджетам муниципальных образований Приморского края иных межбюджетных трансфертов на выплату гранта победителям конкурса «Лучший муниципальный многофункциональный центр Приморского края» | C58: департамент информатизации и телекоммуникаций Приморского края | D58: 755 | E58: 0113 | F58: 11102xxxx0 | G58: 520, 540, 610, 620 | K58: 0 | L58: 0 | M58: 0 | N58: 0 | O58: 0
A59: 1.3. | B59: Основное мероприятие 3. Обеспечение доступности для населения Приморского края и организаций современных услуг в сфере информационно-коммуникационных технологий | C59: всего: | D59: Х | E59: Х | F59: Х | G59: Х | H59: =SUM(H60:H61) -> 9793.76 | I59: =SUM(I60:I61) -> 14000 | J59: =SUM(J60:J61) -> 9449.0715 | K59: =SUM(K60:K62) -> 2834.721 | L59: =SUM(L60:L62) -> 0 | M59: =SUM(M60:M62) -> 0 | N59: =SUM(N60:N62) -> 0 | O59: =SUM(O60:O62) -> 0 | P59: =SUM(H59:O59) -> 36077.553
C60: департамент информатизации и телекоммуникаций Приморского края | D60: 755 | E60: 0410 | F60: 5221020 | G60: 064 | H60: =H63 -> 9793.76 | P60: =SUM(H60:O62) -> 36077.553
D61: 755 | E61: 0410 | F61: 1112058 | G61: 244 | I61: =I64 -> 14000 | J61: =J64 -> 9449.0715
D62: 755 | E62: 0410 | F62: 1110300000 | G62: 244 | K62: =K65 -> 2834.721
A63: 1.3.1. | B63: Обеспечение доступности для населения Приморского края и организаций современных услуг в сфере информационно-коммуникационных технологий, в том числе создание центров общественного доступа к официальным сайтам государственных органов в местах приема граждан и других публичных местах (инфоматы) | C63: департамент информатизации и телекоммуникаций Приморского края | D63: 755 | E63: 0410 | F63: 5221020 | G63: 064 | H63: 9793.76 | P63: =SUM(H63:O65) -> 36077.553
D64: 755 | E64: 0410 | F64: 1112058 | G64: 244 | I64: 14000 | J64: 9449.0715
D65: 755 | E65: 0410 | F65: 1110320580 | G65: 244 | K65: 2834.721
A66: 2. | B66: Подпрограмма № 2 «Развитие информационных систем и информационных сервисов для жителей Приморского края, формирование электронного правительства» | C66: всего: | D66: Х | E66: Х | F66: Х | G66: Х | H66: =H72+H74+H93+H95 -> 108467.24 | I66: =I72+I74+I93+I95 -> 20928.59 | J66: =J72+J74+J93+J95 -> 7827.8277 | K66: =K71+K92 -> 0 | L66: =L71+L92 -> 0 | M66: =M71+M92 -> 0 | N66: =N71+N92 -> 0 | O66: =O71+O92 -> 0 | P66: =SUM(H66:O66) -> 137223.66
C67: департамент информатизации и телекоммуникаций Приморского края | D67: 755 | E67: Х | F67: Х | G67: Х | H67: =H72+H93 -> 108467.24 | I67: =I72+I93 -> 18678.89 | J67: =J72+J93 -> 7827.8277 | P67: =SUM(H67:O68) -> 134973.96
D68: 755 | E68: Х | F68: 1120000000 | G68: Х | K68: =K73+K94 -> 0 | L68: =L73+L94 -> 0 | M68: =M73+M94 -> 0 | N68: =N73+N94 -> 0 | O68: =O73+O94 -> 0
C69: департамент земельных и имущественных отношений Приморского края | D69: 779 | E69: 0412 | F69: 1122217 | G69: 244 | H69: =H74 -> 0 | I69: =I74 -> 949.7 | J69: =J74 -> 0 | K69: =K74 -> 0 | L69: =L74 -> 0 | M69: =M74 -> 0 | N69: =N74 -> 0 | O69: =O74 -> 0 | P69: =SUM(H69:O69) -> 949.7
C70: департамент труда и социального развития Приморского края | D70: 760 | E70: 0401 | F70: 1122144 | G70: 612 | H70: =H95 -> 0 | I70: =I95 -> 1300 | J70: =J95 -> 0 | K70: =K95 -> 0 | L70: =L95 -> 0 | M70: =M95 -> 0 | N70: =N95 -> 0 | O70: =O95 -> 0 | P70: =SUM(H70:O70) -> 1300
A71: 2.1. | B71: Основное мероприятие 1. Создание и обеспечение функционирования среды электронного взаимодействия государственных органов Приморского края: | C71: всего: | D71: Х | E71: Х | F71: Х | G71: Х | H71: =H75+SUM(H81:H84)+SUM(H86:H91)+H85 -> 105467.24 | I71: =I75+SUM(I81:I84)+SUM(I86:I91)+I85 -> 17228.59 | J71: =J75+SUM(J81:J84)+SUM(J86:J91)+J85 -> 6172.3477 | K71: =K75+SUM(K81:K84)+SUM(K86:K91)+K85 -> 0 | L71: =L75+SUM(L81:L84)+SUM(L86:L91)+L85 -> 0 | M71: =M75+SUM(M81:M84)+SUM(M86:M91)+M85 -> 0 | N71: =N75+SUM(N81:N84)+SUM(N86:N91)+N85 -> 0 | O71: =O75+SUM(O81:O84)+SUM(O86:O91)+O85 -> 0 | P71: =SUM(H71:O71) -> 128868.18
C72: департамент информатизации и телекоммуникаций Приморского края | D72: 755 | E72: 0410 | F72: Х | G72: Х | H72: =H75+SUM(H81:H84)+SUM(H86:H91) -> 105467.24 | I72: =I75+SUM(I81:I84)+SUM(I86:I91) -> 16278.89 | J72: =J75+SUM(J81:J84)+SUM(J86:J91) -> 6172.3477 | P72: =SUM(H72:O73) -> 127918.48
D73: 755 | E73: 0410 | F73: 1120100000 | G73: Х | K73: =K75+SUM(K81:K84)+SUM(K86:K91) -> 0 | L73: =L75+SUM(L81:L84)+SUM(L86:L91) -> 0 | M73: =M75+SUM(M81:M84)+SUM(M86:M91) -> 0 | N73: =N75+SUM(N81:N84)+SUM(N86:N91) -> 0 | O73: =O75+SUM(O81:O84)+SUM(O86:O91) -> 0
C74: департамент земельных и имущественных отношений Приморского края | D74: 779 | E74: 0412 | F74: Х | G74: Х | I74: =I85 -> 949.7 | J74: =J85 -> 0 | P74: =SUM(H74:O74) -> 949.7
A75: 2.1.1. | B75: Развитие регионального сегмента единой системы межведомственного электронного документооборота, в том числе создание среды электронного взаимодействия государственных органов Приморского края | C75: департамент информатизации и телекоммуникаций Приморского края | D75: 755 | E75: 0410 | F75: Х | G75: Х | H75: =SUM(H76:H80) -> 75867.24 | I75: =SUM(I76:I80) -> 9308.89 | J75: =SUM(J76:J80) -> 4418.9121 | K75: =SUM(K76:K80) -> 0 | L75: =SUM(L76:L80) -> 0 | M75: =SUM(M76:M80) -> 0 | N75: =SUM(N76:N80) -> 0 | O75: =SUM(O76:O80) -> 0 | P75: =SUM(H75:O75) -> 89595.042
A76: 2.1.1.1. | B76: Развитие регионального сегмента единой системы межведомственного электронного документооборота, в том числе создание среды электронного взаимодействия государственных органов Приморского края | C76: департамент информатизации и телекоммуникаций Приморского края | D76: 755 | E76: 0410 | F76: 5221020 | G76: 064 | H76: 75867.24 | P76: =SUM(H76:O78) -> 88753.719
D77: 755 | E77: 0410 | F77: 1122146 | G77: 244 | I77: =9000-691.11+1450-450 -> 9308.89 | J77: =2232.38+2186.53208-841.32272 -> 3577.5894
D78: 755 | E78: 0410 | F78: 1120121460 | G78: 244 | K78: 0 | L78: 0 | M78: 0 | N78: 0 | O78: 0
A79: 2.1.1.2. | B79: Исполнение по судебным актам | C79: департамент информатизации и телекоммуникаций Приморского края | D79: 755 | E79: 0410 | F79: 1122146 | G79: 244 | I79: 0 | J79: 841.32272 | P79: =SUM(H79:O80) -> 841.32272
D80: 755 | E80: 0410 | F80: 1120121460 | G80: 244 | K80: 0 | L80: 0 | M80: 0 | N80: 0 | O80: 0
A81: 2.1.2. | B81: Модернизация прикладных информационных систем поддержки выполнения исполнительными органами государственной власти Приморского края и органами местного самоуправления Приморского края основных функций | C81: департамент информатизации и телекоммуникаций Приморского края | D81: 755 | E81: 0410 | F81: 5221020 | G81: 064 | H81: 0 | P81: =SUM(H81:O84) -> 500
D82: 755 | E82: 0410 | F82: 1122217 | G82: 244 | I82: =10000-9500 -> 500 | J82: 0
D83: 755 | E83: 0410 | F83: 1122234 | G83: 244 | I83: 0 | J83: =15000-15000 -> 0
D84: 755 | E84: 0410 | F84: 1120122170 | G84: 244 | K84: 0 | L84: 0 | M84: 0 | N84: 0 | O84: 0
C85: департамент земельных и имущественных отношений Приморского края | D85: 779 | E85: 0412 | F85: 1122217 | G85: 244 | I85: =5000-4050.3 -> 949.7 | J85: 0 | P85: =SUM(H85:N85) -> 949.7
A86: 2.1.3. | B86: Развитие сервисов информационной системы планирования и мониторинга социально-экономического развития Приморского края | C86: департамент информатизации и телекоммуникаций Приморского края | D86: 755 | E86: 0410 | F86: 5221020 | G86: 064 | H86: 28300 | P86: =SUM(H86:O88) -> 32398.386
D87: 755 | E87: 0410 | F87: 1122146 | G87: 244 | I87: 3470 | J87: =171.45+456.9356 -> 628.3856
D88: 755 | E88: 0410 | F88: 1120121460 | G88: 244 | K88: 0 | L88: 0 | M88: 0 | N88: 0 | O88: 0
A89: 2.1.4. | B89: Развитие системы интернет-сайтов и информационной поддержки государственных органов Приморского края и органов местного самоуправления на основе «единой точки входа» | C89: департамент информатизации и телекоммуникаций Приморского края | D89: 755 | E89: 0410 | F89: 5221020 | G89: 064 | H89: 1300 | P89: =SUM(H89:O91) -> 5425.05
D90: 755 | E90: 0410 | F90: 1122146 | G90: 244 | I90: =1000+2000 -> 3000 | J90: =200+925.05 -> 1125.05
D91: 755 | E91: 0410 | F91: 1120121460 | G91: 244 | K91: 0 | L91: 0 | M91: 0 | N91: 0 | O91: 0
A92: 2.2. | B92: Основное мероприятие 2. Реализация проекта по внедрению универсальной электронной карты на территории Приморского края | C92: всего: | D92: Х | E92: Х | F92: Х | G92: Х | H92: =SUM(H93:H95) -> 3000 | I92: =SUM(I93:I95) -> 3700 | J92: =SUM(J93:J95) -> 1655.48 | K92: =K98+K99 -> 0 | L92: =L98+L99 -> 0 | M92: =M98+M99 -> 0 | N92: =N98+N99 -> 0 | O92: =O98+O99 -> 0 | P92: =SUM(H92:O92) -> 8355.48
C93: департамент информатизации и телекоммуникаций Приморского края | D93: 755 | E93: 0410 | F93: Х | G93: Х | H93: =SUM(H96:H98) -> 3000 | I93: =SUM(I96:I98) -> 2400 | J93: =SUM(J96:J98) -> 1655.48 | P93: =SUM(H93:O94) -> 7055.48
D94: 755 | E94: 0410 | F94: 1120200000 | G94: Х | K94: =K98 -> 0 | L94: =L98 -> 0 | M94: =M98 -> 0 | N94: =N98 -> 0 | O94: =O98 -> 0
C95: департамент труда и социального развития Приморского края | D95: 760 | E95: 0401 | F95: 1122144 | G95: 612 | I95: =I99 -> 1300 | P95: =SUM(H95:O95) -> 1300
A96: 2.2.1. | B96: Создание инфраструктуры для обеспечения внедрения универсальной электронной карты | C96: департамент информатизации и телекоммуникаций Приморского края | D96: 755 | E96: 0410 | F96: 5221020 | G96: 064 | H96: 3000 | P96: =SUM(H96:L97) -> 7055.48
D97: 755 | E97: 0410 | F97: 1122144 | G97: 244 | I97: =3300-900 -> 2400 | J97: 1655.48
D98: 755 | E98: 0410 | F98: 1120221440 | G98: 244 | K98: 0 | L98: 0 | M98: 0 | N98: 0 | O98: 0
A99: 2.2.2. | B99: Обеспечение деятельности краевого государственного бюджетного учреждения «Центр занятости населения города Владивостока» в части использования сервисов информационной системы и организации пунктов приема заявлений по выдаче, выпуску и обслуживанию универсальных электронных карт в Приморском крае | C99: департамент труда и социального развития Приморского края | D99: 760 | E99: 0401 | F99: 1122144 | G99: 612 | I99: =1700-400 -> 1300 | P99: =SUM(H99:L99) -> 1300
A100: 3. | B100: Подпрограмма № 3 «Использование информационно-коммуникационных технологий в социально ориентированных областях» | C100: всего: | D100: Х | E100: Х | F100: Х | G100: Х | H100: =H107+H125+H126+H127+H136 -> 64910 | I100: =I107+I125+I126+I127+I136 -> 35544 | J100: =J107+J125+J126+J127+J136 -> 31845.5 | K100: =K106+K124+K135 -> 8429.73 | L100: =L106+L124+L135 -> 6955 | M100: =M106+M124+M135 -> 6955 | N100: =N106+N124+N135 -> 6955 | O100: =O106+O124+O135 -> 6955 | P100: =SUM(H100:O100) -> 168549.23
C101: департамент информатизации и телекоммуникаций Приморского края | D101: 755 | E101: Х | F101: Х | G101: Х | H101: =H125 -> 580 | I101: =I125 -> 0 | J101: =J125 -> 0 | K101: =K125 -> 0 | L101: =L125 -> 0 | M101: =M125 -> 0 | N101: =N125 -> 0 | O101: =O125 -> 0 | P101: =SUM(H101:O101) -> 580
C102: департамент образования и науки Приморского края | D102: 759 | E102: Х | F102: Х | G102: Х | H102: =H107+H126 -> 52800 | I102: =I107+I126 -> 28856 | J102: =J107+J126 -> 23056 | P102: =SUM(H102:O103) -> 104815.73
D103: 759 | E103: Х | F103: 1130000000 | G103: Х | K103: =K106+K126 -> 103.73 | L103: =L106+L126 -> 0 | M103: =M106+M126 -> 0 | N103: =N106+N126 -> 0 | O103: =O106+O126 -> 0
C104: департамент труда и социального развития Приморского края | D104: 760 | E104: Х | F104: Х | G104: Х | H104: =H127 -> 9950 | I104: =I127 -> 6688 | J104: =J127 -> 8789.5 | K104: =K128 -> 8326 | L104: =L128 -> 6955 | M104: =M128 -> 6955 | N104: =N128 -> 6955 | O104: =O128 -> 6955 | P104: =SUM(H104:O104) -> 61573.5
C105: департамент экономики и развития предпринимательства Приморского края | D105: 784 | E105: Х | F105: Х | G105: Х | H105: =H136 -> 1580 | I105: =I136 -> 0 | J105: =J136 -> 0 | K105: =K137 -> 0 | L105: =L137 -> 0 | M105: =M137 -> 0 | N105: =N137 -> 0 | O105: =O137 -> 0 | P105: =SUM(H105:O105) -> 1580
...

Sheet Приложение 6
A3: ИНФОРМАЦИЯ
A4: о ресурсном обеспечении государственной программы Приморского края «Информационное общество» на 2013-2020 годы за счет средств краевого бюджета и прогнозная оценка привлекаемых на реализацию ее целей средств федерального бюджета, бюджетов государственных внебюджетных фондов, иных внебюджетных источников, бюджетов муниципальных образований Приморского края в случае участия Приморского края в реализации муниципальных программ, аналогичных мероприятиям государственной программы Приморского края
B6: Наименование подпрограммы, программы, принятой в соответствии с требованиями федерального законодательства в сфере реализации государственной программы | C6: Источники ресурсного обеспечения | D6: ГРБС | E6: Оценка расходов (тыс.руб.), годы
A7: №
A8: п/п | E8: 2013 | F8: 2014 | G8: 2015 | H8: 2016 | I8: 2017 | J8: 2018 | K8: 2019 | L8: 2020 | M8: всего
A10: 1 | B10: 2 | C10: 3 | D10: 4 | E10: 5 | F10: 6 | G10: 7 | H10: 8 | I10: 9 | J10: 10 | K10: 11 | L10: 12 | M10: 13
A11: Государственная программа Приморского края «Информационное общество» на 2013 – 2020 годы | C11: всего: | E11: =E12+E13+E14+E15+E17+E19 -> 950596.01 | F11: =F12+F13+F14+F15+F17+F19 -> 925124.47 | G11: =G12+G13+G14+G15+G17+G19 -> 1109191.6 | H11: =H12+H13+H14+H15+H17+H19 -> 1171396 | I11: =I12+I13+I14+I15+I17+I19 -> 734105.79 | J11: =J12+J13+J14+J15+J17+J19 -> 729525.4 | K11: =K12+K13+K14+K15+K17+K19 -> 729525.4 | L11: =L12+L13+L14+L15+L17+L19 -> 729525.4 | M11: =SUM(E11:L11) -> 7078990
C12: федеральный бюджет | E12: =E22+E160+E237+E335+E405+E496 -> 0 | F12: =F22+F160+F237+F335+F405+F496 -> 62420.58 | G12: =G22+G160+G237+G335+G405+G496 -> 72474.6 | H12: =H22+H160+H237+H335+H405+H496 -> 0 | I12: =I22+I160+I237+I335+I405+I496 -> 0 | J12: =J22+J160+J237+J335+J405+J496 -> 0 | K12: =K22+K160+K237+K335+K405+K496 -> 0 | L12: =L22+L160+L237+L335+L405+L496 -> 0 | M12: =SUM(E12:L12) -> 134895.18
C13: краевой бюджет | E13: =E23+E161+E238+E336+E406+E497 -> 911665.01 | F13: =F23+F161+F238+F336+F406+F497 -> 766787.03 | G13: =G23+G161+G238+G336+G406+G497 -> 882516.69 | H13: =H23+H161+H238+H336+H406+H497 -> 896070.49 | I13: =I23+I161+I238+I336+I406+I497 -> 631066.04 | J13: =J23+J161+J238+J336+J406+J497 -> 629525.4 | K13: =K23+K161+K238+K336+K406+K497 -> 629525.4 | L13: =L23+L161+L238+L336+L406+L497 -> 629525.4 | M13: =SUM(E13:L13) -> 5976681.5
C14: бюджет муниципальных образований | E14: =E24+E162+E239+E337+E407+E498 -> 38931 | F14: =F24+F162+F239+F337+F407+F498 -> 95916.857 | G14: =G24+G162+G239+G337+G407+G498 -> 154200.29 | H14: =H24+H162+H239+H337+H407+H498 -> 260285.71 | I14: =I24+I162+I239+I337+I407+I498 -> 100000 | J14: =J24+J162+J239+J337+J407+J498 -> 100000 | K14: =K24+K162+K239+K337+K407+K498 -> 100000 | L14: =L24+L162+L239+L337+L407+L498 -> 100000 | M14: =SUM(E14:L14) -> 949333.86
C15: государственные внебюджетные фонды Российской Федерации | E15: =E25+E163+E240+E338+E408+E499 -> 0 | F15: =F25+F163+F240+F338+F408+F499 -> 0 | G15: =G25+G163+G240+G338+G408+G499 -> 0 | H15: =H25+H163+H240+H338+H408+H499 -> 0 | I15: =I25+I163+I240+I338+I408+I499 -> 0 | J15: =J25+J163+J240+J338+J408+J499 -> 0 | K15: =K25+K163+K240+K338+K408+K499 -> 0 | L15: =L25+L163+L240+L338+L408+L499 -> 0 | M15: 0
C17: территориальные государственные внебюджетные фонды | E17: =E26+E164+E241+E339+E409+E500 -> 0 | F17: =F26+F164+F241+F339+F409+F500 -> 0 | G17: =G26+G164+G241+G339+G409+G500 -> 0 | H17: =H26+H164+H241+H339+H409+H500 -> 0 | I17: =I26+I164+I241+I339+I409+I500 -> 0 | J17: =J26+J164+J241+J339+J409+J500 -> 0 | K17: =K26+K164+K241+K339+K409+K500 -> 0 | L17: =L26+L164+L241+L339+L409+L500 -> 0 | M17: 0
C19: иные внебюджетные источники | E19: =E27+E165+E242+E340+E410+E501 -> 0 | F19: =F27+F165+F242+F340+F410+F501 -> 0 | G19: =G27+G165+G242+G340+G410+G501 -> 0 | H19: =H27+H165+H242+H340+H410+H501 -> 15039.75 | I19: =I27+I165+I242+I340+I410+I501 -> 3039.75 | J19: =J27+J165+J242+J340+J410+J501 -> 0 | K19: =K27+K165+K242+K340+K410+K501 -> 0 | L19: =L27+L165+L242+L340+L410+L501 -> 0 | M19: =SUM(E19:L20) -> 18079.5
A21: 1. | B21: Подпрограмма № 1 «Развитие телекоммуникационной инфраструктуры органов государственной власти Приморского края и органов местного самоуправления» | C21: всего: | E21: =SUM(E22:E27) -> 245694.76 | F21: =SUM(F22:F27) -> 318249.74 | G21: =SUM(G22:G27) -> 537596.14 | H21: =SUM(H22:H27) -> 599295.78 | I21: =SUM(I22:I27) -> 259767.76 | J21: =SUM(J22:J27) -> 259509.84 | K21: =SUM(K22:K27) -> 259509.84 | L21: =SUM(L22:L27) -> 259509.84 | M21: =SUM(E21:L21) -> 2739133.7
C22: федеральный бюджет | E22: =E29+E78+E146 -> 0 | F22: =F29+F78+F146 -> 62420.58 | G22: =G29+G78+G146 -> 37274.6 | H22: =H29+H78+H146 -> 0 | I22: =I29+I78+I146 -> 0 | J22: =J29+J78+J146 -> 0 | K22: =K29+K78+K146 -> 0 | L22: =L29+L78+L146 -> 0 | M22: =SUM(E22:L22) -> 99695.18
C23: краевой бюджет | E23: ='Приложение 5'!H22 -> 245694.76 | F23: ='Приложение 5'!I22 -> 205626.3 | G23: ='Приложение 5'!J22 -> 350235.25 | H23: ='Приложение 5'!K22 -> 339010.06 | I23: ='Приложение 5'!L22 -> 159767.76 | J23: ='Приложение 5'!M22 -> 159509.84 | K23: ='Приложение 5'!N22 -> 159509.84 | L23: ='Приложение 5'!O22 -> 159509.84 | M23: =SUM(E23:L23) -> 1778863.7
C24: бюджет муниципальных образований | E24: =E31+E80+E148 -> 0 | F24: =F31+F80+F148 -> 50202.857 | G24: =G31+G80+G148 -> 150086.29 | H24: =H31+H80+H148 -> 260285.71 | I24: =I31+I80+I148 -> 100000 | J24: =J31+J80+J148 -> 100000 | K24: =K31+K80+K148 -> 100000 | L24: =L31+L80+L148 -> 100000 | M24: =SUM(E24:L24) -> 860574.86
C25: государственные внебюджетные фонды Российской Федерации | E25: 0 | F25: 0 | G25: 0 | H25: 0 | I25: 0 | J25: 0 | K25: 0 | L25: 0 | M25: 0
C26: территориальные государственные внебюджетные фонды | E26: 0 | F26: 0 | G26: 0 | H26: 0 | I26: 0 | J26: 0 | K26: 0 | L26: 0 | M26: 0
C27: иные внебюджетные источники | E27: 0 | F27: 0 | G27: 0 | H27: 0 | I27: 0 | J27: 0 | K27: 0 | L27: 0 | M27: 0
A28: 1.1. | B28: Основное мероприятие 1. Формирование системы межведомственного электронного взаимодействия органов государственной власти Приморского края и органов местного самоуправления | C28: всего: | E28: =SUM(E29:E34) -> 83851 | F28: =SUM(F29:F34) -> 41190 | G28: =SUM(G29:G34) -> 250.42134 | H28: =SUM(H29:H34) -> 0 | I28: =SUM(I29:I34) -> 0 | J28: =SUM(J29:J34) -> 0 | K28: =SUM(K29:K34) -> 0 | L28: =SUM(L29:L34) -> 0 | M28: =SUM(E28:L28) -> 125291.42
C29: федеральный бюджет | E29: =E36+E64+E71 -> 0 | F29: =F36+F64+F71 -> 13200 | G29: =G36+G64+G71 -> 0 | H29: =H36+H64+H71 -> 0 | I29: =I36+I64+I71 -> 0 | J29: =J36+J64+J71 -> 0 | K29: =K36+K64+K71 -> 0 | L29: =L36+L64+L71 -> 0 | M29: =SUM(E29:L29) -> 13200
C30: краевой бюджет | E30: ='Приложение 5'!H26 -> 83851 | F30: ='Приложение 5'!I26 -> 27990 | G30: ='Приложение 5'!J26 -> 250.42134 | H30: ='Приложение 5'!K25 -> 0 | I30: ='Приложение 5'!L25 -> 0 | J30: ='Приложение 5'!M25 -> 0 | K30: ='Приложение 5'!N25 -> 0 | L30: ='Приложение 5'!O25 -> 0 | M30: =SUM(E30:L30) -> 112091.42
C31: бюджет муниципальных образований | E31: 0 | F31: 0 | G31: 0 | H31: 0 | I31: 0 | J31: 0 | K31: 0 | L31: 0 | M31: 0
C32: государственные внебюджетные фонды Российской Федерации | E32: 0 | F32: 0 | G32: 0 | H32: 0 | I32: 0 | J32: 0 | K32: 0 | L32: 0 | M32: 0
C33: территориальные государственные внебюджетные фонды | E33: 0 | F33: 0 | G33: 0 | H33: 0 | I33: 0 | J33: 0 | K33: 0 | L33: 0 | M33: 0
C34: иные внебюджетные источники | E34: 0 | F34: 0 | G34: 0 | H34: 0 | I34: 0 | J34: 0 | K34: 0 | L34: 0 | M34: 0
A35: 1.1.1. | B35: Реализация мероприятий по использованию информационно-коммуникационных технологий в целях совершенствования системы государственного и муниципального управления, предоставления услуг, создания и развития информационно-аналитических, учетных и функциональных систем Приморского края | C35: всего: | E35: =SUM(E36:E41) -> 80851 | F35: =SUM(F36:F41) -> 32600 | G35: =SUM(G36:G41) -> 0 | H35: =SUM(H36:H41) -> 0 | I35: =SUM(I36:I41) -> 0 | J35: =SUM(J36:J41) -> 0 | K35: =SUM(K36:K41) -> 0 | L35: =SUM(L36:L41) -> 0 | M35: =SUM(E35:L35) -> 113451
C36: федеральный бюджет | E36: =E43+E50+E57 -> 0 | F36: =F43+F50+F57 -> 13200 | G36: =G43+G50+G57 -> 0 | H36: =H43+H50+H57 -> 0 | I36: =I43+I50+I57 -> 0 | J36: =J43+J50+J57 -> 0 | K36: =K43+K50+K57 -> 0 | L36: =L43+L50+L57 -> 0 | M36: =SUM(E36:L36) -> 13200
C37: краевой бюджет | E37: ='Приложение 5'!H28 -> 80851 | F37: ='Приложение 5'!I28 -> 19400 | G37: ='Приложение 5'!J28 -> 0 | H37: ='Приложение 5'!K28 -> 0 | I37: ='Приложение 5'!L28 -> 0 | J37: ='Приложение 5'!M28 -> 0 | K37: ='Приложение 5'!N28 -> 0 | L37: ='Приложение 5'!O28 -> 0 | M37: =SUM(E37:L37) -> 100251
C38: бюджет муниципальных образований | E38: 0 | F38: 0 | G38: 0 | H38: 0 | I38: 0 | J38: 0 | K38: 0 | L38: 0 | M38: =SUM(E38:I38) -> 0
C39: государственные внебюджетные фонды Российской Федерации | E39: 0 | F39: 0 | G39: 0 | H39: 0 | I39: 0 | J39: 0 | K39: 0 | L39: 0 | M39: 0
C40: территориальные государственные внебюджетные фонды | E40: 0 | F40: 0 | G40: 0 | H40: 0 | I40: 0 | J40: 0 | K40: 0 | L40: 0 | M40: 0
C41: иные внебюджетные источники | E41: 0 | F41: 0 | G41: 0 | H41: 0 | I41: 0 | J41: 0 | K41: 0 | L41: 0 | M41: 0
A42: 1.1.1.1. | B42: Развитие регионального телекоммуникационного центра, включая централизованную систему организационно-технического администрирования телекоммуникационной инфраструктуры и информационных подсистем «электронного правительства» Приморского края; предоставление услуг по поддержке и администрированию региональных и муниципальных информационных систем | C42: всего: | D42: 755 | E42: =SUM(E43:E48) -> 29000 | F42: =SUM(F43:F48) -> 4600 | G42: =SUM(G43:G48) -> 0 | H42: =SUM(H43:H48) -> 0 | I42: =SUM(I43:I48) -> 0 | J42: =SUM(J43:J48) -> 0 | K42: =SUM(K43:K48) -> 0 | L42: =SUM(L43:L48) -> 0 | M42: =SUM(E42:L42) -> 33600
C43: федеральный бюджет | E43: 0 | F43: 0 | G43: 0 | H43: 0 | I43: 0 | J43: 0 | K43: 0 | L43: 0 | M43: =SUM(E43:I43) -> 0
C44: краевой бюджет | D44: 755 | E44: ='Приложение 5'!H29 -> 29000 | F44: ='Приложение 5'!I30 -> 4600 | G44: ='Приложение 5'!J30 -> 0 | H44: ='Приложение 5'!K30 -> 0 | I44: ='Приложение 5'!L30 -> 0 | J44: ='Приложение 5'!M30 -> 0 | K44: ='Приложение 5'!N30 -> 0 | L44: ='Приложение 5'!O30 -> 0 | M44: =SUM(E44:L44) -> 33600
C45: бюджет муниципальных образований | E45: 0 | F45: 0 | G45: 0 | H45: 0 | I45: 0 | J45: 0 | K45: 0 | L45: 0 | M45: =SUM(E45:I45) -> 0
C46: государственные внебюджетные фонды Российской Федерации | E46: 0 | F46: 0 | G46: 0 | H46: 0 | I46: 0 | J46: 0 | K46: 0 | L46: 0 | M46: 0
C47: территориальные государственные внебюджетные фонды | E47: 0 | F47: 0 | G47: 0 | H47: 0 | I47: 0 | J47: 0 | K47: 0 | L47: 0 | M47: 0
C48: иные внебюджетные источники | E48: 0 | F48: 0 | G48: 0 | H48: 0 | I48: 0 | J48: 0 | K48: 0 | L48: 0 | M48: 0
A49: 1.1.1.2. | B49: Развитие систем информационной безопасности телекоммуникационной инфраструктуры электронного правительства Приморского края, защиты персональных данных | C49: всего: | D49: 755 | E49: =SUM(E50:E55) -> 3700 | F49: =SUM(F50:F55) -> 1000 | G49: =SUM(G50:G55) -> 0 | H49: =SUM(H50:H55) -> 0 | I49: =SUM(I50:I55) -> 0 | J49: =SUM(J50:J55) -> 0 | K49: =SUM(K50:K55) -> 0 | L49: =SUM(L50:L55) -> 0 | M49: =SUM(E49:I49) -> 4700
C50: федеральный бюджет | E50: 0 | F50: 0 | G50: 0 | H50: 0 | I50: 0 | J50: 0 | K50: 0 | L50: 0 | M50: =SUM(E50:I50) -> 0
C51: краевой бюджет | D51: 755 | E51: ='Приложение 5'!H31 -> 3700 | F51: ='Приложение 5'!I32 -> 1000 | G51: ='Приложение 5'!J32 -> 0 | H51: ='Приложение 5'!K32 -> 0 | I51: ='Приложение 5'!L32 -> 0 | J51: ='Приложение 5'!M32 -> 0 | K51: ='Приложение 5'!N32 -> 0 | L51: ='Приложение 5'!O32 -> 0 | M51: =SUM(E51:I51) -> 4700
C52: бюджет муниципальных образований | E52: 0 | F52: 0 | G52: 0 | H52: 0 | I52: 0 | J52: 0 | K52: 0 | L52: 0 | M52: =SUM(E52:I52) -> 0
C53: государственные внебюджетные фонды Российской Федерации | E53: 0 | F53: 0 | G53: 0 | H53: 0 | I53: 0 | J53: 0 | K53: 0 | L53: 0 | M53: 0
C54: территориальные государственные внебюджетные фонды | E54: 0 | F54: 0 | G54: 0 | H54: 0 | I54: 0 | J54: 0 | K54: 0 | L54: 0 | M54: 0
C55: иные внебюджетные источники | E55: 0 | F55: 0 | G55: 0 | H55: 0 | I55: 0 | J55: 0 | K55: 0 | L55: 0 | M55: 0
A56: 1.1.1.3. | B56: Формирование на территории Приморского края единого информационного пространства органов исполнительной власти Приморского края, территориальных органов федеральных органов исполнительной власти и органов местного самоуправления Приморского края. Подключение краевых государственных учреждений, подведомственных органам исполнительной власти Приморского края, к системе межведомственного электронного взаимодействия | C56: всего: | D56: 755 | E56: =SUM(E57:E62) -> 48151 | F56: =SUM(F57:F62) -> 27000 | G56: =SUM(G57:G62) -> 0 | H56: =SUM(H57:H62) -> 0 | I56: =SUM(I57:I62) -> 0 | J56: =SUM(J57:J62) -> 0 | K56: =SUM(K57:K62) -> 0 | L56: =SUM(L57:L62) -> 0 | M56: =SUM(E56:I56) -> 75151
C57: федеральный бюджет | D57: 755 | E57: 0 | F57: 13200 | G57: 0 | H57: 0 | I57: 0 | J57: 0 | K57: 0 | L57: 0 | M57: =SUM(E57:L57) -> 13200
C58: краевой бюджет | D58: 755 | E58: ='Приложение 5'!H33 -> 48151 | F58: ='Приложение 5'!I34 -> 13800 | G58: ='Приложение 5'!J34 -> 0 | H58: ='Приложение 5'!K34 -> 0 | I58: ='Приложение 5'!L34 -> 0 | J58: ='Приложение 5'!M34 -> 0 | K58: ='Приложение 5'!N34 -> 0 | L58: ='Приложение 5'!O34 -> 0 | M58: =SUM(E58:I58) -> 61951
C59: бюджет муниципальных образований | E59: 0 | F59: 0 | G59: 0 | H59: 0 | I59: 0 | J59: 0 | K59: 0 | L59: 0 | M59: =SUM(E59:I59) -> 0
C60: государственные внебюджетные фонды Российской Федерации | E60: 0 | F60: 0 | G60: 0 | H60: 0 | I60: 0 | J60: 0 | K60: 0 | L60: 0 | M60: 0
C61: территориальные государственные внебюджетные фонды | E61: 0 | F61: 0 | G61: 0 | H61: 0 | I61: 0 | J61: 0 | K61: 0 | L61: 0 | M61: 0
C62: иные внебюджетные источники | E62: 0 | F62: 0 | G62: 0 | H62: 0 | I62: 0 | J62: 0 | K62: 0 | L62: 0 | M62: 0
A63: 1.1.2. | B63: Создание Ситуационного центра Губернатора Приморского края | C63: всего: | D63: 755 | E63: =SUM(E64:E69) -> 0 | F63: =SUM(F64:F69) -> 5500 | G63: =SUM(G64:G69) -> 238.89434 | H63: =SUM(H64:H69) -> 0 | I63: =SUM(I64:I69) -> 0 | J63: =SUM(J64:J69) -> 0 | K63: =SUM(K64:K69) -> 0 | L63: =SUM(L64:L69) -> 0 | M63: =SUM(E63:I63) -> 5738.8943
C64: федеральный бюджет | E64: 0 | F64: 0 | G64: 0 | H64: 0 | I64: 0 | J64: 0 | K64: 0 | L64: 0 | M64: =SUM(E64:I64) -> 0
C65: краевой бюджет | D65: 755 | E65: ='Приложение 5'!H35 -> 0 | F65: ='Приложение 5'!I36 -> 5500 | G65: ='Приложение 5'!J36 -> 238.89434 | H65: ='Приложение 5'!K36 -> 0 | I65: ='Приложение 5'!L36 -> 0 | J65: ='Приложение 5'!M36 -> 0 | K65: ='Приложение 5'!N36 -> 0 | L65: ='Приложение 5'!O36 -> 0 | M65: =SUM(E65:I65) -> 5738.8943
C66: бюджет муниципальных образований | E66: 0 | F66: 0 | G66: 0 | H66: 0 | I66: 0 | J66: 0 | K66: 0 | L66: 0 | M66: =SUM(E66:I66) -> 0
C67: государственные внебюджетные фонды Российской Федерации | E67: 0 | F67: 0 | G67: 0 | H67: 0 | I67: 0 | J67: 0 | K67: 0 | L67: 0 | M67: 0
C68: территориальные государственные внебюджетные фонды | E68: 0 | F68: 0 | G68: 0 | H68: 0 | I68: 0 | J68: 0 | K68: 0 | L68: 0 | M68: 0
C69: иные внебюджетные источники | E69: 0 | F69: 0 | G69: 0 | H69: 0 | I69: 0 | J69: 0 | K69: 0 | L69: 0 | M69: 0
A70: 1.1.3. | B70: Обеспечение доступа к сети Интернет органов исполнительной власти Приморского края | C70: всего: | D70: 755 | E70: =SUM(E71:E76) -> 3000 | F70: =SUM(F71:F76) -> 3090 | G70: =SUM(G71:G76) -> 11.527 | H70: =SUM(H71:H76) -> 0 | I70: =SUM(I71:I76) -> 0 | J70: =SUM(J71:J76) -> 0 | K70: =SUM(K71:K76) -> 0 | L70: =SUM(L71:L76) -> 0 | M70: =SUM(E70:I70) -> 6101.527
C71: федеральный бюджет | E71: 0 | F71: 0 | G71: 0 | H71: 0 | I71: 0 | J71: 0 | K71: 0 | L71: 0 | M71: =SUM(E71:I71) -> 0
C72: краевой бюджет | D72: 755 | E72: ='Приложение 5'!H37 -> 3000 | F72: ='Приложение 5'!I38 -> 3090 | G72: ='Приложение 5'!J38 -> 11.527 | H72: ='Приложение 5'!K38 -> 0 | I72: ='Приложение 5'!L38 -> 0 | J72: ='Приложение 5'!M38 -> 0 | K72: ='Приложение 5'!N38 -> 0 | L72: ='Приложение 5'!O38 -> 0 | M72: =SUM(E72:I72) -> 6101.527
C73: бюджет муниципальных образований | E73: 0 | F73: 0 | G73: 0 | H73: 0 | I73: 0 | J73: 0 | K73: 0 | L73: 0 | M73: =SUM(E73:I73) -> 0
C74: государственные внебюджетные фонды Российской Федерации | E74: 0 | F74: 0 | G74: 0 | H74: 0 | I74: 0 | J74: 0 | K74: 0 | L74: 0 | M74: 0
C75: территориальные государственные внебюджетные фонды | E75: 0 | F75: 0 | G75: 0 | H75: 0 | I75: 0 | J75: 0 | K75: 0 | L75: 0 | M75: 0
C76: иные внебюджетные источники | E76: 0 | F76: 0 | G76: 0 | H76: 0 | I76: 0 | J76: 0 | K76: 0 | L76: 0 | M76: 0
A77: 1.2. | B77: Основное мероприятие 2. Организация предоставления государственных и муниципальных услуг в многофункциональных центрах Приморского края | C77: всего: | E77: =SUM(E78:E83) -> 152050 | F77: =SUM(F78:F83) -> 263059.74 | G77: =SUM(G78:G83) -> 527896.65 | H77: =SUM(H78:H83) -> 596461.05 | I77: =SUM(I78:I83) -> 259767.76 | J77: =SUM(J78:J83) -> 259509.84 | K77: =SUM(K78:K83) -> 259509.84 | L77: =SUM(L78:L83) -> 259509.84 | M77: =SUM(E77:L77) -> 2577764.7
C78: федеральный бюджет | E78: =E85+E95+E105+E115+E125+E132 -> 0 | F78: =F85+F95+F105+F115+F125+F132 -> 49220.58 | G78: =G85+G95+G105+G115+G125+G132 -> 37274.6 | H78: =H85+H95+H105+H115+H125+H132 -> 0 | I78: =I85+I95+I105+I115+I125+I132 -> 0 | J78: =J85+J95+J105+J115+J125+J132 -> 0 | K78: =K85+K95+K105+K115+K125+K132 -> 0 | L78: =L85+L95+L105+L115+L125+L132 -> 0 | M78: =SUM(E78:L78) -> 86495.18
C79: краевой бюджет | E79: ='Приложение 5'!H40 -> 152050 | F79: ='Приложение 5'!I40 -> 163636.3 | G79: ='Приложение 5'!J40 -> 340535.76 | H79: ='Приложение 5'!K39 -> 336175.34 | I79: ='Приложение 5'!L39 -> 159767.76 | J79: ='Приложение 5'!M39 -> 159509.84 | K79: ='Приложение 5'!N39 -> 159509.84 | L79: ='Приложение 5'!O39 -> 159509.84 | M79: =SUM(E79:L79) -> 1630694.7
C80: бюджет муниципальных образований | E80: =E87+E97+E107+E117+E127+E134 -> 0 | F80: =F87+F97+F107+F117+F127+F134 -> 50202.857 | G80: =G87+G97+G107+G117+G127+G134 -> 150086.29 | H80: =H87+H97+H107+H117+H127+H134 -> 260285.71 | I80: =I87+I97+I107+I117+I127+I134 -> 100000 | J80: =J87+J97+J107+J117+J127+J134 -> 100000 | K80: =K87+K97+K107+K117+K127+K134 -> 100000 | L80: =L87+L97+L107+L117+L127+L134 -> 100000 | M80: =SUM(E80:L80) -> 860574.86
C81: государственные внебюджетные фонды Российской Федерации | E81: 0 | F81: 0 | G81: 0 | H81: 0 | I81: 0 | J81: 0 | K81: 0 | L81: 0 | M81: 0
C82: территориальные государственные внебюджетные фонды | E82: 0 | F82: 0 | G82: 0 | H82: 0 | I82: 0 | J82: 0 | K82: 0 | L82: 0 | M82: 0
C83: иные внебюджетные источники | E83: 0 | F83: 0 | G83: 0 | H83: 0 | I83: 0 | J83: 0 | K83: 0 | L83: 0 | M83: 0
A84: 1.2.1. | B84: Предоставление субсидий краевым государственным автономным учреждениям на финансовое обеспечение выполнения государственного задания | C84: всего: | D84: 755 | E84: =SUM(E85:E93) -> 14000 | F84: =SUM(F85:F93) -> 36186.3 | G84: =SUM(G85:G93) -> 48267.762 | H84: =SUM(H85:H93) -> 49375.34 | I84: =SUM(I85:I93) -> 48267.76 | J84: =SUM(J85:J93) -> 48009.84 | K84: =SUM(K85:K93) -> 48009.84 | L84: =SUM(L85:L93) -> 48009.84 | M84: =SUM(E84:L84) -> 340126.68
C85: федеральный бюджет | E85: 0 | F85: 0 | G85: 0 | H85: 0 | I85: 0 | J85: 0 | K85: 0 | L85: 0 | M85: =SUM(E85:I85) -> 0
C86: краевой бюджет | D86: 755 | E86: ='Приложение 5'!H42 -> 14000 | F86: ='Приложение 5'!I43 -> 36186.3 | G86: ='Приложение 5'!J43 -> 48267.762 | H86: ='Приложение 5'!K44 -> 49375.34 | I86: ='Приложение 5'!L44 -> 48267.76 | J86: ='Приложение 5'!M44 -> 48009.84 | K86: ='Приложение 5'!N44 -> 48009.84 | L86: ='Приложение 5'!O44 -> 48009.84 | M86: =SUM(E86:L86) -> 340126.68
C87: бюджет муниципальных образований | E87: 0 | F87: 0 | G87: 0 | H87: 0 | I87: 0 | J87: 0 | K87: 0 | L87: 0 | M87: =SUM(E87:I87) -> 0
C88: государственные внебюджетные фонды Российской Федерации | E88: 0 | F88: 0 | G88: 0 | H88: 0 | I88: 0 | J88: 0 | K88: 0 | L88: 0 | M88: 0
C90: территориальные государственные внебюджетные фонды | E90: 0 | F90: 0 | G90: 0 | H90: 0 | I90: 0 | J90: 0 | K90: 0 | L90: 0 | M90: 0
C92: иные внебюджетные источники | E92: 0 | F92: 0 | G92: 0 | H92: 0 | I92: 0 | J92: 0 | K92: 0 | L92: 0 | M92: 0
A94: 1.2.2. | B94: Предоставление субсидии краевым государственным автономным учреждениям на иные цели, не связанные с финансовым обеспечением выполнения государственного задания | C94: всего: | D94: 755 | E94: =SUM(E95:E103) -> 84050 | F94: =SUM(F95:F103) -> 18114.28 | G94: =SUM(G95:G103) -> 12800 | H94: =SUM(H95:H103) -> 12800 | I94: =SUM(I95:I103) -> 11500 | J94: =SUM(J95:J103) -> 11500 | K94: =SUM(K95:K103) -> 11500 | L94: =SUM(L95:L103) -> 11500 | M94: =SUM(E94:L94) -> 173764.28
C95: федеральный бюджет | D95: 755 | E95: 0 | F95: 7804.28 | G95: 0 | H95: 0 | I95: 0 | J95: 0 | K95: 0 | L95: 0 | M95: =SUM(E95:I95) -> 7804.28
C96: краевой бюджет | D96: 755 | E96: ='Приложение 5'!H45 -> 84050 | F96: ='Приложение 5'!I46+'Приложение 5'!I47 -> 10310 | G96: ='Приложение 5'!J46+'Приложение 5'!J47 -> 12800 | H96: ='Приложение 5'!K48+'Приложение 5'!K49 -> 12800 | I96: ='Приложение 5'!L48+'Приложение 5'!L49 -> 11500 | J96: ='Приложение 5'!M48+'Приложение 5'!M49 -> 11500 | K96: ='Приложение 5'!N48+'Приложение 5'!N49 -> 11500 | L96: ='Приложение 5'!O48+'Приложение 5'!O49 -> 11500 | M96: =SUM(E96:L96) -> 165960
C97: бюджет муниципальных образований | E97: 0 | F97: 0 | G97: 0 | H97: 0 | I97: 0 | J97: 0 | K97: 0 | L97: 0 | M97: =SUM(E97:I97) -> 0
C98: государственные внебюджетные фонды Российской Федерации | E98: 0 | F98: 0 | G98: 0 | H98: 0 | I98: 0 | J98: 0 | K98: 0 | L98: 0 | M98: 0
C100: территориальные государственные внебюджетные фонды | E100: 0 | F100: 0 | G100: 0 | H100: 0 | I100: 0 | J100: 0 | K100: 0 | L100: 0 | M100: 0
C102: иные внебюджетные источники | E102: 0 | F102: 0 | G102: 0 | H102: 0 | I102: 0 | J102: 0 | K102: 0 | L102: 0 | M102: 0
A104: 1.2.3. | B104: Предоставление субсидий из краевого бюджета бюджетам муниципальных образований Приморского края на мероприятия по созданию многофункциональных центров предоставления государственных и муниципальных услуг | C104: всего: | D104: 755 | E104: =SUM(E105:E113) -> 54000 | F104: =SUM(F105:F113) -> 167342.86 | G104: =SUM(G105:G113) -> 186954.29 | H104: =SUM(H105:H113) -> 34285.714 | I104: =SUM(I105:I113) -> 0 | J104: =SUM(J105:J113) -> 0 | K104: =SUM(K105:K113) -> 0 | L104: =SUM(L105:L113) -> 0 | M104: =SUM(E104:L104) -> 442582.86
C105: федеральный бюджет | E105: 0 | F105: 0 | G105: 0 | H105: 0 | I105: 0 | J105: 0 | K105: 0 | L105: 0 | M105: =SUM(E105:I105) -> 0
C106: краевой бюджет | D106: 755 | E106: ='Приложение 5'!H50 -> 54000 | F106: ='Приложение 5'!I51 -> 117140 | G106: ='Приложение 5'!J51 -> 130868 | H106: ='Приложение 5'!K52 -> 24000 | I106: ='Приложение 5'!L52 -> 0 | J106: ='Приложение 5'!M52 -> 0 | K106: ='Приложение 5'!N52 -> 0 | L106: ='Приложение 5'!O52 -> 0 | M106: =SUM(E106:L106) -> 326008
C107: бюджет муниципальных образований | E107: 0 | F107: =F106*30/70 -> 50202.857 | G107: =G106*30/70 -> 56086.286 | H107: =H106*30/70 -> 10285.714 | I107: =I106*30/70 -> 0 | J107: =J106*30/70 -> 0 | K107: =K106*30/70 -> 0 | L107: =L106*30/70 -> 0 | M107: =SUM(E107:I107) -> 116574.86
C108: государственные внебюджетные фонды Российской Федерации | E108: 0 | F108: 0 | G108: 0 | H108: 0 | I108: 0 | J108: 0 | K108: 0 | L108: 0 | M108: 0
C110: территориальные государственные внебюджетные фонды | E110: 0 | F110: 0 | G110: 0 | H110: 0 | I110: 0 | J110: 0 | K110: 0 | L110: 0 | M110: 0
C112: иные внебюджетные источники | E112: 0 | F112: 0 | G112: 0 | H112: 0 | I112: 0 | J112: 0 | K112: 0 | L112: 0 | M112: 0
A114: 1.2.4. | B114: Предоставление из краевого бюджета бюджетам муниципальных образований Приморского края иных межбюджетных трансфертов, источником финансового обеспечения которых являются иные межбюджетные трансферты из федерального бюджета на завершение работ по созданию сети многофункциональных центров предоставления государственных и муниципальных услуг | C114: всего: | D114: 755 | E114: 0 | F114: =F115 -> 41416.3 | G114: =G115 -> 37274.6 | H114: 0 | I114: 0 | J114: 0 | K114: =K115 -> 0 | L114: =L115 -> 0 | M114: =SUM(E114:I114) -> 78690.9
C115: федеральный бюджет | D115: 755 | E115: 0 | F115: 41416.3 | G115: 37274.6 | H115: 0 | I115: 0 | J115: 0 | K115: 0 | L115: 0 | M115: =SUM(E115:I115) -> 78690.9
C116: краевой бюджет | E116: ='Приложение 5'!H53 -> 0 | F116: ='Приложение 5'!I53 -> 0 | G116: ='Приложение 5'!J53 -> 0 | H116: ='Приложение 5'!K53 -> 0 | I116: ='Приложение 5'!L53 -> 0 | J116: ='Приложение 5'!M53 -> 0 | K116: ='Приложение 5'!N53 -> 0 | L116: ='Приложение 5'!O53 -> 0 | M116: =SUM(E116:I116) -> 0
...
